 Dungeon Crawl Stone Soup version 0.22-a0-49-g614aadd (webtiles) character file.

38 Maruxus the Covered (level 3, -2/23 HPs)
             Began as a Gargoyle Fighter on Jan 8, 2018.
             Slain by an ogre
             ... wielding a +0 giant club
              (15 damage)
             ... on level 2 of the Dungeon.
             The game lasted 00:02:15 (986 turns).

Maruxus the Covered (Gargoyle Fighter)               Turns: 986, Time: 00:02:16

Health: -2/23      AC: 11    Str: 20    XL:     3   Next: 43%
Magic:  3/3        EV: 11    Int:  8    God:
Gold:   103        SH:  9    Dex:  9    Spells: 2/2 levels left

rFire    . . .     SeeInvis .   a - +0 flail
rCold    . . .     Gourm    .   c - +0 shield
rNeg     + . .     Faith    .   b - +0 scale mail
rPois    ∞         Spirit   .   (no helmet)
rElec    +         Reflect  .   (no cloak)
rCorr    .         Harm     .   (no gloves)
MR       .....                  n - +0 pair of boots
Stlth    ..........             (no amulet)
HPRegen  0.07/turn              E - +4 ring of evasion
MPRegen  0.08/turn              (no ring)

@: no status effects
A: negative energy resistance 1, electricity resistance, unbreathing,
petrification resistance, rot immunity, AC +3
a: no special abilities


You were on level 2 of the Dungeon.
You were not hungry.

You visited 1 branch of the dungeon, and saw 2 of its levels.

You collected 103 gold pieces.


Innate Abilities, Weirdness & Mutations

You are resistant to torment.
Your stone body is resilient. (AC +3)
You are immune to poison.
You resist negative energy. (rN+)
You are resistant to electric shocks. (rElec)
You can survive without breathing.
You are immune to petrification.
You are immune to rotting.


   Skills:
 + Level 3.6 Fighting
 * Level 2.8 Maces & Flails
 + Level 3.6 Armour
 + Level 3.6 Shields


You had 2 spell levels left.
You didn't know any spells.

Inventory:

Hand Weapons
 a - a +0 flail (weapon)
Armour
 b - a +0 scale mail (worn)
 c - a +0 shield (worn)
 n - a +0 pair of boots (worn)
Jewellery
 E - a +4 ring of evasion (left hand)
 H - an uncursed amulet of faith {!P}
Scrolls
 e - 2 scrolls of fear {unknown}
 g - a scroll of fog {unknown}
 j - 3 scrolls of identify {@r1}
 k - a scroll of teleportation {unknown}
 l - a scroll of amnesia {unknown}
Potions
 d - a potion of might
 h - a potion of agility {unknown}
 m - a potion of flight {unknown}
Comestibles
 f - a ration
 i - 6 chunks of flesh

Dungeon Overview and Level Annotations

Branches:
Dungeon (2/15)

Altars:

......##.###.#
.###.........#
#####.##..(###
..###.###...#
...##.#.....######
.#.##)..##.......#
.#.#...# ###..##.#
.## .#......
##..#.##.....
........
##..@O..%.).
........
###........
........ .###.....
[...#### .. ....
.##....# ... ...
..##.... .### ..
..# .... .. . ..#
... .. ..# ..


You could see an ogre.


Message History

You block the kobold's attack.
You hit the kobold.
You kill the kobold!
You butcher the rat corpse.
i - 6 chunks of flesh (gained 1)
You see here a stone.
m - a blue potion You see here a stone.
An ogre comes into view. It is wielding a giant club.
The ogre shouts!
Found a ration.
Found a glowing dagger.
You block the ogre's attack.
You sock the ogre!
The ogre is heavily wounded.
You block the ogre's attack.
Your shield prevents you from hitting the ogre.
The ogre is heavily wounded.
The ogre closely misses you.
You thump the ogre!
The ogre is severely wounded.
The ogre hits you with a giant club!
You closely miss the ogre.
The ogre is severely wounded.
The ogre hits you but does no damage.
You closely miss the ogre.
The ogre is severely wounded.
The ogre hits you with a giant club!
Ouch! That really hurt!
You die...

Action                   || total
-------------------------++-------
Melee: Flail             ||    96
  Use: Scroll            ||     1
Armor: Scale mail        ||    58
Dodge: Dodged            ||    39
Block: Shield            ||    42

Vault maps used:
D:1:      minmay_arrival_open_corners

Notes
Turn   | Place    | Note
-------+----------+-------------------------------------------
     0 | D:1      | Maruxus the Gargoyle Fighter began the quest for the Orb.
     0 | D:1      | Reached XP level 1. HP: 14/14 MP: 1/1
   175 | D:1      | Reached XP level 2. HP: 8/19 MP: 2/2
   811 | D:2      | Reached XP level 3. HP: 21/23 MP: 3/3
   978 | D:2      | Noticed an ogre
   986 | D:2      | Slain by an ogre

Vanquished Creatures
  An adder (D:2)
  An ooze (D:1)
  3 dart slugs (D:1)
  4 hobgoblins
  3 kobolds
  2 bats (D:1)
  7 rats
21 creatures vanquished.
